Map: Rifts to Korhal

Players

MattBarry

  • Race: Terran Terran
  • Spawn Location: 7:00

MattBarry

  • Race: Zerg Zerg
  • Spawn Location: 7:00

VOD

Have the link to the VOD?

Description

Time

  • Played on: Dec. 23, 2022, 12:06 a.m.
  • Length: 22:17
Show
View Real Time Build Order
Export as new Build Order

MattBarry Terran 

Build Orders:  

Get SALT Encoding   

  13  0:17  SCV  
  13  0:21  Supply Depot  
  13  0:30  SCV  
  14  0:44  SCV  
  15  0:57  Factory  
  15  0:59  SCV  
  16  1:12  Refinery  
  16  1:13  SCV  
  17  1:26  SCV  
  18  1:36  Refinery  
  18  1:41  SCV  
  19  1:53  Hellbat  
  19  1:54  SCV  
  22  2:10  Supply Depot  
  22  2:16  SCV  
  23  2:27  Factory Reactor  
  23  2:39  Factory  
  23  2:43  SCV  
  24  2:57  SCV  
  25  3:01  Supply Depot  
  25  3:27  Armory  
  25  3:31  SCV  
  26  3:41  Factory Tech Lab  
  26  3:44  Factory  
  26  3:59  Goliath  
  28  4:12  Siege Tank  
  31  4:26  SCV  
  32  4:40  SCV  
  32  4:47  Factory Tech Lab  
  32  4:48  Siege Tank  
  36  4:53  SCV  
  37  5:00  Supply Depot  
  37  5:07  Terran Vehicle and Ship Weapons Level 1  
  37  5:36  Siege Tank x2  
  43  5:46  Supply Depot  
  43  5:51  Supply Depot  
  43  6:04  Goliath  
  45  6:13  Siege Tank  
  45  6:14  Siege Tank  
  42  6:42  Siege Tank x2  
  48  7:03  SCV  
  49  7:12  Starport  
  49  7:16  SCV  
  50  7:21  Siege Tank x5  
  50  7:40  Goliath x2  
  50  7:42  Siege Tank  
  57  7:52  Terran Vehicle And Ship Armor Level 1  
  57  8:00  Hellbat  
  57  8:06  Hellbat  
  52  8:30  Siege Tank x5  
  57  8:58  Siege Tank x2  
  63  9:39  Siege Tank x5  
  63  10:12  Supply Depot  
  63  10:13  Supply Depot  
  63  10:14  Supply Depot  
  63  10:15  Supply Depot  
  62  10:36  Hellbat x2  
  62  10:42  Goliath x2  
  69  10:53  Command Center  
  69  11:22  Goliath x2  
  69  11:23  Siege Tank  
  69  11:24  Siege Tank  
  69  11:27  Siege Tank x4  
  69  11:28  Siege Tank  
  79  11:40  Wraith  
  81  12:12  Goliath x2  
  79  12:48  Goliath x3  
  76  13:12  Siege Tank x6  
  76  13:21  Siege Tank  
  76  13:26  Refinery  
  76  13:28  SCV x2  
  79  13:42  SCV x2  
  79  13:45  Supply Depot  
  79  13:46  Supply Depot  
  77  13:55  Hellbat  
  77  13:59  Siege Tank  
  82  14:18  Siege Tank x2  
  82  14:19  Siege Tank x4  
  80  14:52  Siege Tank x6  
  80  15:04  Hellbat x2  
  80  15:08  Siege Tank  
  80  15:09  Siege Tank  
  86  15:17  SCV x2, Refinery  
  92  15:30  SCV x2  
  94  15:42  Hellbat x2  
  94  15:44  SCV x2  
  94  15:46  Siege Tank x2  
  106  15:57  SCV  
  106  15:58  SCV  
  108  16:11  SCV x2  
  110  16:20  Supply Depot  
  110  16:22  Supply Depot  
  110  16:24  Supply Depot  
  110  16:25  SCV  
  111  16:41  Goliath x3  
  111  16:49  Goliath  
  119  16:50  Siege Tank x9  
  119  17:19  Goliath x3  
  115  17:52  Goliath x4  
  113  18:24  Goliath x3  
  113  18:29  Siege Tank x4  
  110  18:36  Goliath  
  107  18:56  Goliath x2  
  111  19:02  Siege Tank  
  111  19:08  Siege Tank  
  117  19:15  Siege Tank x3  
  113  20:32  Hellbat x2  
  113  20:37  Siege Tank x2  
  108  21:02  Goliath x2  
  106  21:13  Goliath, Siege Tank  
Show
View Real Time Build Order
Export as new Build Order

MattBarry Zerg 

Build Orders:  

Get SALT Encoding   

  12  0:08  Drone  
  13  0:24  Overlord  
  13  0:34  Drone  
  14  0:49  Extractor  
  13  0:51  Drone  
  13  0:52  Drone x3  
  17  1:53  Drone x3  
  17  1:54  Overlord  
  17  1:55  Overlord  
  17  1:56  Drone x2  
  22  2:29  Drone x2  
  24  2:30  Drone  
  24  2:39  Roach Warren  
  24  2:44  Evolution Chamber  
  24  2:46  Extractor  
  22  2:50  Roach Warren  
  22  2:53  Evolution Chamber, Drone  
  22  2:54  Drone  
  22  3:07  Drone  
  22  3:08  Drone  
  20  3:10  Drone  
  24  3:13  Drone  
  26  3:29  Zerg Missile Weapons Level 1  
  26  3:35  Drone  
  26  3:37  Drone  
  28  3:44  Overlord  
  28  4:11  Glial Reconstitution  
  28  4:14  Roach x2  
  28  4:18  Roach  
  34  4:34  Hydriodic Bile  
  34  4:35  Queen  
  34  4:37  Zerg Ground Armor Level 1  
  36  5:03  Roach  
  36  5:04  Roach  
  40  5:45  Roach x2  
  40  5:46  Roach  
  40  5:47  Overlord x2  
  46  6:06  Lair  
  46  6:23  Roach  
  46  6:24  Roach x2  
  52  7:38  Tunneling Claws  
  52  7:50  Roach x5  
  52  7:57  Overseer  
  62  8:32  Overlord  
  62  8:33  Overlord x2  
  62  8:38  Zerg Missile Weapons Level 2  
  62  8:40  Zerg Ground Armor Level 2  
  62  8:55  Unknown  
  54  9:59  Roach x3  
  58  10:00  Roach x6  
  69  10:27  Roach x3  
  75  10:40  Bloated Bile Ducts  
  75  10:56  Roach x3  
  71  11:51  Roach x3  
  71  11:53  Overlord x2  
  71  11:59  Overseer  
  77  12:01  Overseer  
  69  12:52  Roach x8  
  73  13:08  Roach  
  65  14:07  Hatchery  
  64  14:41  Roach  
  64  14:42  Roach x8  
  80  15:55  Roach x2  
  80  15:56  Roach x2  
  80  15:58  Overlord x4  
  88  16:46  Roach x8  
  104  17:06  Roach x2  
  98  17:16  Drone  
  98  17:17  Drone x2  
  77  17:58  Roach x2  
  77  17:59  Roach x17  
  75  18:09  Roach  
  69  18:16  Ravager x2  
  69  18:17  Ravager x17  
  89  18:24  Roach x3  
  89  18:27  Ravager  
  89  18:55  Roach x4  
  79  19:50  Roach  
  79  19:51  Roach x6  
  93  20:02  Roach  
  95  21:17  Roach  
  95  21:18  Roach x8  
Tags
 
Commander
AbathurSwann
Matchup
Co-op
Replay Pack
Multiplayer
Add a new tag
Caveats
  • Supply blocks, unpowered buildings, or Contaminate may cause inaccurate times.
  • Supply counts are checked every 10 seconds.